 Dungeon Crawl Stone Soup version 0.31-a0-187-gba352fbbf7 (webtiles) character file.

Game seed: 13250171000910523391

40 qw the Shooter (level 3, 0/20 HPs)
             Began as a Deep Elf Hunter on June 22, 2023.
             Hit by a goblin thrown by Robin (2 damage)
             ... on level 2 of the Dungeon.
             The game lasted 00:00:16 (995 turns).

qw the Shooter (Deep Elf Hunter)                     Turns: 995, Time: 00:00:17

Health: 0/20       AC:  3    Str: 10    XL:     3   Next: 30%
Magic:  5/5        EV: 12    Int: 13    God:
Gold:   99         SH:  0    Dex: 18    Spells: 2/2 levels left

rFire   . . .        Y - +0 shortbow
rCold   . . .        (shield currently unavailable)
rNeg    . . .        c - +0 leather armour
rPois   .            (no helmet)
rElec   .            (no cloak)
rCorr   .            (no gloves)
SInv    .            (no boots)
Will    .....        (no amulet)
Stlth   ++           (no ring)
HPRegen 0.23/turn    (no ring)
MPRegen 0.09/turn

%: no passive effects
@: no status effects
A: no striking features
a: no special abilities


You were on level 2 of the Dungeon.
You visited 1 branch of the dungeon, and saw 2 of its levels.

You collected 99 gold pieces.


   Skills:
 - Level 1.5 Fighting
 + Level 6.9 Ranged Weapons
 - Level 2.4 Dodging
 - Level 1.2 Stealth


You had 2 spell levels left.
You didn't know any spells.
Your spell library was empty.

Inventory:

Hand Weapons
 Y - a +0 shortbow (weapon)
Armour
 c - a +0 leather armour (worn)
 d - a +0 scale mail
Scrolls
 a - 4 scrolls of enchant armour
 g - 2 scrolls of identify
Potions
 b - a potion of invisibility {unknown}
 e - a potion of might
 f - a potion of lignification {unknown}
 h - a potion of resistance {unknown}
 i - a potion of mutation {unknown}

Dungeon Overview and Level Annotations

Branches:
Dungeon (2/15)

Altars:

Annotations:
D:2 Robin


Message History

A hobgoblin comes into view.
You shoot an arrow. The arrow barely misses the hobgoblin.
You shoot an arrow. The arrow hits the hobgoblin.
You kill the hobgoblin!
You shoot an arrow. The arrow barely misses the goblin.
Robin roars a battlecry!
The goblins go into a battle-frenzy!
A goblin comes into view. It is wielding a +0 dagger.
You shoot an arrow. The arrow barely misses the goblin.
A goblin comes into view. It is wielding a +0 dagger.
You shoot an arrow. The arrow barely misses the goblin.
The goblin closely misses you.
You shoot an arrow. The arrow misses the goblin.
A goblin comes into view. It is wielding a +0 club.
The goblin drinks a potion.
The goblin seems to speed up.
988 ||| Stepping ~*~*~tactically~*~*~ (outnumbered).
You shoot an arrow. The arrow closely misses the goblin.
The hobgoblin barely misses you. The goblin hits you with a +0 dagger.
You shoot an arrow. The arrow closely misses the goblin.
The goblin closely misses you.
The goblin unwields a +0 dagger.
The goblin wields a +0 sling.
The goblin shoots a sling bullet.
The sling bullet barely misses you.
You shoot an arrow. The arrow hits the hobgoblin.
The hobgoblin is lightly wounded.
The goblin hits you but does no damage. The hobgoblin hits you.
The goblin shoots a sling bullet.
The sling bullet closely misses you. The goblin hits you with a +0 dagger.
The hobgoblin hits you.
You shoot an arrow. The arrow hits the hobgoblin!
You kill the hobgoblin!
The goblin hits you with a +0 dagger.
You shoot an arrow. The arrow hits the goblin!
You kill the goblin!
The goblin unwields a +0 sling.
The goblin wields a +0 dagger.
The goblin closely misses you.
You shoot an arrow. The arrow closely misses the goblin.
The goblin hits you with a +0 dagger.
You shoot an arrow. The arrow closely misses the goblin.
The arrow hits Robin but does no damage.
The goblin hits you with a +0 dagger. Robin throws the goblin at you!
You die...

##...# .g #.....
#g #..... #g
#..... ## #.
##...# ..#g ##.##
#.#% ######.# #.#
####.#.##.....#
#.#
......gg@g####.#
#.#
######...).......#
#.#
......#..########
#.# #.#..##.###
###¤## #.........#
#~~.~~ ###.......#
#~¤..~ #.......###
#~...~
######........%.
#~...¤
..........)..###
######~...~


You could see Robin and 2 goblins.

Vanquished Creatures
  An adder (D:2)
  A ball python (D:1)
  3 bats
  3 endoplasms
  2 giant cockroaches (D:1)
  7 goblins
  3 hobgoblins
  4 kobolds
  A quokka (D:1)
  2 frilled lizards
  A rat (D:2)
28 creatures vanquished.

Notes
Turn   | Place    | Note
-------+----------+-------------------------------------------
     0 | D:1      | qw the Deep Elf Hunter began the quest for the Orb.
     0 | D:1      | Reached XP level 1. HP: 12/12 MP: 3/3
     0 | D:1      | 0 ||| qw: Version: 0.3-a-9-g12657ce
     0 | D:1      | 0 ||| qw: Game counter: 2615
     0 | D:1      | 0 ||| qw: Always use a shield: true
     0 | D:1      | 0 ||| qw: God list: Okawaru
     0 | D:1      | 0 ||| qw: Allow faded altars: false
     0 | D:1      | 0 ||| qw: Do Orc after D:15 true
     0 | D:1      | 0 ||| qw: Do second Lair branch before Depths: true
     0 | D:1      | 0 ||| qw: Lair rune preference: random
     0 | D:1      | 0 ||| qw: Plans: Normal
     0 | D:1      | 0 ||| PLANNING D:1-11
   132 | D:1      | Reached XP level 2. HP: 16/16 MP: 4/4
   142 | D:1      | Reached skill level 6 in Ranged Weapons
   804 | D:1      | 804 ||| READING 5 scrolls labelled IBEPNYOTEI.
   805 | D:1      | 805 ||| READING 2 scrolls labelled RENUADGHAFESS.
   806 | D:1      | 806 ||| DRINKING 2 white potions.
   807 | D:1      | 807 ||| DROPPING scroll of butterflies.
   900 | D:2      | Reached XP level 3. HP: 20/20 MP: 5/5
   978 | D:2      | Noticed Robin
   988 | D:2      | 988 ||| Stepping ~*~*~tactically~*~*~ (outnumbered).
   994 | D:2      | HP: 3/20 [goblin/+0 dagger[Robin] (4)]
   995 | D:2      | Hit by a goblin thrown by Robin

Levels and vault maps discovered:
D:1:      sevenhm_arrival_forest_fort_small_3, layout_basic, serial_aquarium,
          aquarium_bridge_square [aquarium_subvault_wall,
          aquarium_subvault_bridge, aquarium_subvault_wall,
          aquarium_subvault_wall], aquarium_window_1, aquarium_window_2,
          aquarium_view_2e, aquarium_balcony_1b, aquarium_pool_side,
          minmay_misc_feat_hallway, minmay_pentomino_s4
D:2:      layout_loops_ring, shapermc_ecumenical_altar_mp_vishouse, basic_altar,
          kennysheep_minor_cross, uniq_natasha, uniq_robin

Skill      XL: |  1  2 |
---------------+-------+-----
Ranged Weapons | 6 |  6.9
Fighting       | |  1.5
Dodging        | |  2.4
Stealth        | |  1.2

Action                     || total
---------------------------++-------
   Fire: Shortbow          ||    64
    Use: Scroll            ||     2
         Potion            ||     1
 Armour: Leather armour    ||     3
  Dodge: Dodged            ||    11

Table legend:
 A = Non-vault XP
 B = Vault XP
 C = Vault XP percentage of total XP
 D = Non-vault monster count
 E = Vault monster count
 F = Vault count percentage of total count
                 A         B        C        D         E       F
            +---------+---------+-------+---------+---------+-------
      Total |      44 |      14 |  24.1 |      20 |       8 |  28.6
            +---------+---------+-------+---------+---------+-------
        D:1 |      20 |       5 |  20.0 |      12 |       3 |  20.0
        D:2 |      24 |       9 |  27.3 |       8 |       5 |  38.5
            +---------+---------+-------+---------+---------+-------
